AoeStats
← 烏雲中

Hideout

509095013Analyzed
1v1 RM · 7d ago on Sep 25, 2026· 24m 41s· 2 players
Game mode
Random Map
Map size
Tiny (2 player)
Population
200
Speed
Normal
Resources
Standard
Victory
Conquest
Starting age
Dark Age
Ending age
Imperial Age
RankedLock teamsTeams togetherTeam positionsShared explorationLock speedFull tech treeHidden civsTurbo modeCheats
Victory
Defeat
🇹🇼 Portuguese · Taiwan
1087
+14
🇩🇪 Goths · Germany
1049
-14
martin.comes
1:46 Loom
8:01 Loom
9:48 Feudal Age
9:49 Man-at-Arms
11:11 Forging
16:15 Scale Mail Armor
22:40 Castle Age
烏雲中
10:06 Feudal Age
12:50 Gold Mining
16:40 Loom
21:49 Double-Bit Axe
21:51 Horse Collar
Connection lost

Rejoining the realm…

Still unreachable

The connection could not be restored.

Session expired

The server has moved on; the page needs a fresh start.